Map: Abyssal Reef LE

Players

Vairou - Winner!

  • Race: Terran Terran
  • Spawn Location: 5:00

Winthrowe

  • Race: Terran Terran
  • League: Silver
  • Spawn Location: 11:00

VOD

Have the link to the VOD?

Description

Time

  • Played on: Aug. 18, 2017, 5:44 p.m.
  • Length: 4:41
Show
View Real Time Build Order
Export as new Build Order

Vairou Terran - Winner!

Build Orders:  

Get SALT Encoding   

  12  0:01  SCV  
  13  0:13  SCV  
  14  0:17  Supply Depot  
  14  0:26  Refinery  
  14  0:27  SCV  
  15  0:39  SCV  
  16  0:47  Barracks  
  16  0:54  SCV  
  17  1:04  Barracks  
  17  1:10  SCV  
  18  1:24  SCV  
  19  1:27  Supply Depot  
  19  1:32  Refinery  
  19  1:39  Reaper  
  20  1:45  Orbital Command  
  20  1:52  Reaper  
  21  2:11  Reaper  
  22  2:24  SCV, Reaper  
  24  2:37  Command Center  
  24  2:39  SCV  
  24  2:43  Reaper  
  26  2:51  SCV  
  27  2:59  Factory  
  27  3:04  SCV  
  28  3:10  Barracks Tech Lab  
  28  3:15  Barracks Reactor  
  28  3:16  SCV  
  29  3:23  Barracks  
  29  3:28  Supply Depot  
  29  3:35  SCV  
  30  3:46  Barracks Reactor  
  30  3:47  SCV  
  31  3:51  Supply Depot  
  31  3:55  Orbital Command  
  31  3:59  SCV  
  32  4:18  SCV  
Show
View Real Time Build Order
Export as new Build Order

Winthrowe Terran 

Build Orders:  

Get SALT Encoding   

  12  0:02  SCV  
  13  0:16  Supply Depot  
  13  0:19  SCV  
  14  0:29  Refinery  
  14  0:39  Barracks  
  14  0:43  SCV  
  15  0:55  SCV  
  16  1:09  SCV  
  17  1:21  SCV  
  17  1:22  Refinery  
  18  1:32  Supply Depot  
  18  1:33  SCV  
  18  1:35  Marine  
  20  1:45  SCV  
  21  1:53  Barracks  
  21  1:57  SCV  
  22  2:10  Bunker  
  22  2:13  Barracks Tech Lab  
  22  2:20  SCV  
  23  2:34  SCV  
  24  2:44  Command Center  
  24  2:47  Orbital Command  
  24  2:54  Marine  
  25  3:04  Barracks Reactor  
  25  3:12  Marine  
  26  3:40  Engineering Bay  
  26  3:47  Marine  
  26  3:48  Marine  
  28  4:05  Marine  
  28  4:06  Marine  
Tags
 
League
Silver
Matchup
TvT
Race
Terran
Spawn Locations
Cross Positions
Add a new tag
Caveats
  • Supply blocks, unpowered buildings, or Contaminate may cause inaccurate times.
  • Supply counts are checked every 10 seconds.